 Dungeon Crawl Stone Soup version 0.25-a0-294-gea9b1ad378 (webtiles) character file.

Game seed: 7183574131793415904, levelgen mode: classic

112 Borgoz the Slasher (level 4, -1/28 HPs)
             Began as a Gargoyle Berserker on Dec 19, 2019.
             Was a Believer of Trog.
             Killed by nerve-wracking pain
             ... invoked by Grinder
              (5 damage)
             ... while paralysed by Grinder
             ... on level 3 of the Dungeon.
             The game lasted 00:02:26 (1916 turns).

Borgoz the Slasher (Gargoyle Berserker)             Turns: 1916, Time: 00:02:26

Health: -1/28      AC:  7    Str: 21    XL:     4   Next: 95%
Magic:  4/4        EV:  2    Int:  7    God:    Trog [**....]
Gold:   145        SH:  0    Dex: 10    Spells: 3/3 levels left

rFire    . . .     SeeInvis .   a - +0 falchion
rCold    . . .     Gourm    .   (no shield)
rNeg     + . .     Faith    .   b - +0 animal skin
rPois    ∞         Spirit   .   (no helmet)
rElec    +         Reflect  .   h - scarf {repulsion}
rCorr    .         Harm     .   (no gloves)
MR       .....                  (no boots)
Stlth    +.........             (no amulet)
HPRegen  0.09/turn              (no ring)
MPRegen  0.09/turn              (no ring)

@: paralysed, berserk cooldown, hasted and slowed, repel missiles
A: icy blue scales 1, negative energy resistance 1, electricity resistance,
unbreathing, petrification resistance, rot immunity, subdued magic 1, AC +3
a: Berserk, Trog's Hand, Renounce Religion


You were on level 3 of the Dungeon.
You worshipped Trog.
Trog was pleased with you.
You were very hungry.

You visited 1 branch of the dungeon, and saw 3 of its levels.

You collected 145 gold pieces.

Inventory:

Hand Weapons
 a - a +0 falchion (weapon)
Armour
 b - a +0 animal skin (worn)
 h - a scarf of repulsion (worn)
Scrolls
 d - 3 scrolls of identify {unknown}
 e - a scroll of teleportation {unknown}
 f - 2 scrolls of enchant weapon {unknown}
 g - a scroll of amnesia {unknown}
 n - 2 scrolls of fog {unknown}
 o - a scroll of remove curse {unknown}
Potions
 i - a potion of invisibility {unknown}
 j - a potion of berserk rage {unknown}
 m - a potion of might {unknown}
Comestibles
 c - 3 rations
 k - a chunk of flesh


   Skills:
 - Level 3.2 Fighting
 + Level 3.6 Long Blades
 + Level 3.5 Armour
 + Level 2.6 Dodging


You had 3 spell levels left.
You didn't know any spells.
Your spell library was empty.

Dungeon Overview and Level Annotations

Branches:
Dungeon (3/15)

Altars:
Elyvilon
Makhleb
Nemelex Xobeh

Annotations:
D:3 Grinder


Innate Abilities, Weirdness & Mutations

You are resistant to torment.
Your stone body is resilient. (AC +3)
You are immune to poison.
You resist negative energy. (rN+)
You are resistant to electric shocks. (rElec)
You can survive without breathing.
You are immune to petrification.
You are immune to rotting.
You are partially covered in icy blue scales. (AC +2)
Your spells are a little easier to cast, but a little less powerful.


Message History

You are feeling very hungry.
You slash Grinder!
Grinder is heavily wounded.
Grinder closely misses you.
You closely miss Grinder.
Grinder is heavily wounded.
You hit Grinder.
Grinder is severely wounded.
Grinder gestures at you.
You suddenly lose the ability to move!
Grinder gestures at you.
You shrug off the repeated paralysis!
Grinder barely misses you.
You are no longer berserk.
You feel yourself slow down. Grinder gestures at you.
You resist with significant effort. Grinder gestures at you.
Pain shoots through your body!
You die...

### o ..# .#
... .. .. # #.
.# (# # #.###.
.#. #.o.5# ...#
#..#@# #.#.#
#....##.#.#
.###.###.÷#.#
..>. #(..#.#
##..###).#.#.
#.....##.#.#.#
##).#)# #.#.#
#..(.###..$#
.....###)..#.#.
#


You could see Grinder and an orc.

Vanquished Creatures
  3 adders
  A gnoll (D:3)
  5 worms
  A dart slug (D:2)
  7 leopard geckos
  An orc (D:3)
  2 ball pythons
  4 giant cockroaches
  7 goblins
  6 hobgoblins
  2 jackals (D:2)
  5 kobolds
  2 bats
  5 rats
51 creatures vanquished.

Notes
Turn   | Place    | Note
-------+----------+-------------------------------------------
     0 | D:1      | Borgoz the Gargoyle Berserker began the quest for the Orb.
     0 | D:1      | Reached XP level 1. HP: 14/14 MP: 1/1
   354 | D:1      | Reached XP level 2. HP: 19/19 MP: 2/2
   727 | D:2      | Reached XP level 3. HP: 22/23 MP: 3/3
   943 | D:2      | Found a white marble altar of Elyvilon.
  1121 | D:2      | Reached XP level 4. HP: 28/28 MP: 4/4
  1356 | D:2      | Found a burning altar of Makhleb.
  1359 | D:2      | Reached ** piety under Trog
  1751 | D:3      | Found a sparkling altar of Nemelex Xobeh.
  1853 | D:3      | Noticed Grinder
  1865 | D:3      | Paralysed by Grinder for 3 turns
  1867 | D:3      | HP: 1/28 [Grinder (6)]
  1880 | D:3      | Gained mutation: Your spells are a little easier to cast,
                  | but a little less powerful. [potion of mutation]
  1880 | D:3      | Gained mutation: You are partially covered in icy blue
                  | scales. (AC +2) [potion of mutation]
  1912 | D:3      | Paralysed by Grinder for 7 turns
  1916 | D:3      | Killed from afar by Grinder

Levels and vault maps discovered:
D:1:      tarquinn_simple_flora_water_b, layout_rooms
D:2:      layout_basic, elyvilon_altar_3, lightli_temple_of_fire
D:3:      layout_loops_ring, old_standard_altar,
          amethyst_overflow_temple_binary, minmay_starry_boxes, uniq_grinder

Skill      XL: |  1  2  3 |
---------------+----------+-----
Long Blades    | 3 |  3.6
Dodging        | 2 |  2.6
Armour         | 3 |  3.5
Fighting       | |  3.2

Action                   |  1- 3 |  4- 6 || total
-------------------------+-------+-------++-------
Melee: Falchion          |    98 |    88 ||   186
Invok: Berserk           |     1 |     3 ||     4
       Trog's Hand       |       |     1 ||     1
  Use: Potion            |       |     4 ||     4
 Stab: Sleeping          |       |     1 ||     1
  Eat: Chunk             |     1 |     5 ||     6
Armor: Animal skin       |    37 |    21 ||    58
Dodge: Dodged            |    62 |    59 ||   121
       Deflected         |       |     2 ||     2
       Rpst.: Falchion   |    17 |    16 ||    33

Table legend:
 A = Non-vault XP
 B = Vault XP
 C = Vault XP percentage of total XP
 D = Non-vault monster count
 E = Vault monster count
 F = Vault count percentage of total count
                 A         B        C        D         E       F
            +---------+---------+-------+---------+---------+-------
      Total |     155 |       6 |   3.7 |      48 |       3 |   5.9
            +---------+---------+-------+---------+---------+-------
        D:1 |      25 |       0 |   0.0 |      14 |       0 |   0.0
        D:2 |      81 |       0 |   0.0 |      24 |       0 |   0.0
        D:3 |      49 |       6 |  10.9 |      10 |       3 |  23.1
            +---------+---------+-------+---------+---------+-------
